 Dungeon Crawl Stone Soup version 0.31-a0-963-ga325b2283a (webtiles) character file.

Game seed: 14638607014457902175

13427 Persephone the Basher (level 11, -1/104 HPs)
             Began as a Minotaur Monk on Oct 24, 2023.
             Was an Initiate of Gozag.
             Shot with an arrow by Nessos (18 damage)
             ... on level 12 of the Dungeon.
             The game lasted 00:19:44 (10104 turns).

Persephone the Basher (Minotaur Monk)              Turns: 10104, Time: 00:19:44

Health: -1/104     AC: 16    Str: 20    XL:     11   Next: 75%
Magic:  10/10      EV:  8    Int:  7    God:    Gozag
Gold:   1474       SH:  0    Dex: 13    Spells: 10/10 levels left

rFire   . . .        o - +2 dire flail (protect)
rCold   . . .        (shield currently unavailable)
rNeg    . . .        h - +1 plate armour
rPois   +            (helmet restricted)
rElec   .            r - +0 cloak
rCorr   .            s - +0 pair of gloves
SInv    .            (no boots)
Will    .....        e - amulet of the acrobat Stlth
                     b - +4 ring of slaying
HPRegen 0.37/turn    G - ring of poison resistance
MPRegen 0.12/turn

%: acrobat
@: no status effects
A: horns 2, retaliatory headbutt
a: Renounce Religion, Potion Petition, Call Merchant, Bribe Branch


You were on level 12 of the Dungeon.
You worshipped Gozag.
Gozag was most pleased with you.
You visited 2 branches of the dungeon, and saw 13 of its levels.
You also visited: Sewer.

You collected 1474 gold pieces.

Inventory:

Hand Weapons
 a - a +1 mace
 o - a +2 dire flail of protection (weapon)
 M - a +0 flail
Missiles
 N - 10 poisoned darts
Armour
 d - an orb of light
 h - a +1 plate armour (worn)
 r - a +0 cloak (worn)
 s - a +0 pair of gloves (worn)
Jewellery
 b - a +4 ring of slaying (left hand)
 e - an amulet of the acrobat (around neck)
 q - a +6 ring of strength
 t - a +5 ring of evasion
 G - a ring of poison resistance (right hand)
 R - a +6 ring of strength
 S - a ring of see invisible
Wands
 l - a wand of flame (19)
 w - a wand of quicksilver (3)
 D - a wand of iceblast (7)
 E - a wand of charming (11)
 Q - a wand of mindburst (21)
 T - a wand of polymorph (6)
Scrolls
 i - 2 scrolls of immolation
 j - 2 scrolls of enchant weapon
 m - 6 scrolls of teleportation
 x - 2 scrolls of revelation
 y - 2 scrolls of vulnerability
 F - a scroll of brand weapon {unknown}
 I - 6 scrolls of identify
 L - 2 scrolls of enchant armour
 P - 2 scrolls of amnesia
Potions
 c - 2 potions of ambrosia
 f - 3 potions of magic
 g - a potion of mutation {unknown}
 k - a potion of curing
 n - 2 potions of enlightenment
 p - 2 potions of resistance {unknown}
 u - 2 potions of berserk rage {unknown}
 v - a potion of degeneration {unknown}
 z - 2 potions of brilliance {unknown}
 B - a potion of attraction {unknown}
 C - 2 potions of cancellation {unknown}
 H - a potion of might {unknown}
 J - a potion of lignification {unknown}
 K - 2 potions of heal wounds {unknown}
 O - a potion of haste {unknown}
Miscellaneous
 U - a phantom mirror


   Skills:
 + Level 12.0 Fighting
 - Level 14.0 Maces & Flails
 + Level 9.5 Throwing
 + Level 6.0 Armour
 + Level 6.6 Dodging


You had 10 spell levels left.
You didn't know any spells.
Your spell library contained the following spells:

 Spells                   Type           Power      Damage    Failure   Level
 Kiss of Death            Conj/Necr      0%         2d5       100%        1
 Necrotise                Necr           0%         1d4       100%        1
 Blink                    Tloc           0%         N/A       100%        2
 Lesser Beckoning         Tloc           0%         N/A       100%        2
 Momentum Strike          Conj/Tloc      0%         3d8       100%        2
 Poisonous Vapours        Pois/Air       0%         N/A       100%        2
 Call Canine Familiar     Summ           0%         N/A       100%        3
 Frozen Ramparts          Ice            0%         1d1       100%        3
 Mephitic Cloud           Conj/Pois/Air  0%         N/A       100%        3
 Ozocubu's Armour         Ice            0%         N/A       100%        3
 Sigil of Binding         Hex            0%         N/A       100%        3
 Tukima's Dance           Hex            0%         N/A       100%        3
 Vampiric Draining        Necr           0%         2d6       100%        3
 Volatile Blastmotes      Fire/Tloc      0%         2d10      100%        3
 Dimensional Bullseye     Hex/Tloc       0%         N/A       100%        4
 Fulminant Prism          Conj/Hex       0%         3d5       100%        4
 Iskenderun's Mystic Bla  Conj/Tloc      0%         2d3       100%        4
 Leda's Liquefaction      Hex/Erth       0%         N/A       100%        4
 Petrify                  Tmut/Erth      0%         N/A       100%        4
 Vhi's Electric Charge    Tloc/Air       0%         N/A       100%        4
 Agony                    Necr           0%         N/A       100%        5
 Arcjolt                  Conj/Air       0%         1d10      100%        5
 Freezing Cloud           Conj/Ice/Air   0%         6-21      100%        5
 Metabolic Englaciation   Hex/Ice        0%         N/A       100%        5
 Ozocubu's Refrigeration  Ice            0%         4d7       100%        7
 Maxwell's Capacitive Co  Air            0%         ∞         100%        8
 Shatter                  Erth           0%         3d5*      100%        9


Dungeon Overview and Level Annotations

Branches:
Dungeon (12/15)            Temple (1/1) D:7            Lair (0/5) D:9
  Sewer (visited)
    Orc: D:9-12

Altars:
Ashenzari
Cheibriados
Dithmenos
Elyvilon
Fedhas
Gozag
Hepliaklqana
Kikubaaqudgha
Makhleb
Nemelex Xobeh
Okawaru
Qazlal
Ru
Sif Muna
Trog
Uskayaw
Vehumet
Wu Jian
Xom
Yredelemnul
Zin
The Shining One

Shops:
D:4 :=   D:6 !=   D:11 !

Annotations:
D:7 1 runed translucent door, Crazy Yiuf
D:12 Nessos


Innate Abilities, Weirdness & Mutations

You have a pair of horns on your head.
You reflexively headbutt those who attack you in melee.


Message History

The arrow burns you.
You are poisoned.
* * * LOW HITPOINT WARNING * * *
The shadow strikes at you from the darkness!
Reactivating autopickup.
You feel better.
Nessos unwields a +2 longbow of flaming.
It stops flaming.
Nessos hits you but does no damage. Nessos kicks you but does no damage.
The shadow hits you. Nessos hits you.
* * * LOW HITPOINT WARNING * * *
Nessos closely misses you.
You barely miss Nessos.
Nessos is almost dead.
Nessos hits you but does no damage. Nessos kicks you but does no damage.
The shadow hits you. Nessos misses you. Nessos barely misses you.
A centaur warrior zombie comes into view.
Nessos mumbles some strange words.
Nessos blinks!
Nessos casts a spell.
Nessos blinks!
Nessos gestures wildly while chanting.
Nessos blinks!
Nessos wields a +2 longbow of flaming.
It bursts into flame!
Nessos shoots an arrow.
The arrow completely misses you.
Nessos stands on their hind legs for a moment.
Nessos shoots an arrow.
The arrow barely misses you. The shadow closely misses you.
You furiously retaliate!
You headbutt the shadow!
Nessos shoots an arrow.
The arrow barely misses you.
Nessos shoots an arrow.
The arrow hits you!
* * * LOW HITPOINT WARNING * * *
The arrow burns you.
* * * LOW HITPOINT WARNING * * *
Okay, then.
You feel better.
Nessos mumbles some strange words.
Nessos blinks!
Nessos shoots an arrow.
The arrow hits you!!
You die...
Your body crumbles into a pile of gold.

....###########.......
..............8.....# ..
....####.c..P88.....##.##
.........§....P..........
...##......8...........##
..........>....$$..Z<(...
.....#######....$......#
..#### #...§W§§....# ..#
#....@$#..(c. ###....#
.(.# #.§§.# ..# ###§§# #
#.## #.# #.. ..# ...


You could see Nessos (fast), a shadow and a centaur warrior zombie.

Vanquished Creatures
  Josephine (D:12)
  2 two-headed ogres
  A boulder beetle (D:12)
  Urug (D:11)
  2 cyclopes (D:11)
  Jeremiah (D:9)
  A komodo dragon (D:11)
  5 trolls
  3 hornets
  4 slime creatures (D:12)
  4 wraiths (D:12)
  3 shadows
  4 wyverns
  6 yaks (D:11)
  A steam dragon (D:6)
  An acid dragon (D:9)
  A water moccasin (D:7)
  4 orc warriors
  An ice beast (D:6)
  4 centaurs
  An ogre (D:5)
  2 phantoms
  2 kobold brigands
  A gnoll sergeant (D:8)
  4 bullfrogs
  A scorpion (D:4)
  8 wights
  10 killer bees
  3 howler monkeys
  A gnoll bouda (D:5)
  11 orc priests
  11 hounds
  Ijyb (D:3)
  4 iguanas
  14 orc wizards
  A hell rat (Sewer)
  Terence (D:2)
  7 gnolls
  5 adders
  A river rat (Sewer)
  A shadow imp (D:8)
  2 worms
  4 dart slugs
  61 orcs
  7 ball pythons
  4 endoplasms
  4 giant cockroaches
  5 goblins
  2 hobgoblins
  9 kobolds
  6 quokkas
  5 bats
  6 frilled lizards
  7 rats
262 creatures vanquished.

Vanquished Creatures (collateral kills)
  A centaur (D:8)
1 creature vanquished.

Grand Total: 263 creatures vanquished

Notes
Turn   | Place    | Note
-------+----------+-------------------------------------------
     0 | D:1      | Persephone the Minotaur Monk began the quest for the Orb.
     0 | D:1      | Reached XP level 1. HP: 19/19 MP: 0/0
   213 | D:1      | Reached skill level 4 in Maces & Flails
   214 | D:1      | Reached XP level 2. HP: 26/27 MP: 1/1
   822 | D:2      | Noticed Terence
   832 | D:2      | Killed Terence
   833 | D:2      | Reached skill level 5 in Maces & Flails
   833 | D:2      | Reached XP level 3. HP: 24/33 MP: 2/2
  1102 | D:2      | Reached XP level 4. HP: 40/40 MP: 3/3
  1477 | D:3      | Reached skill level 6 in Maces & Flails
  1568 | D:3      | Noticed Ijyb
  1585 | D:3      | Killed Ijyb
  1586 | D:3      | Reached XP level 5. HP: 20/46 MP: 4/4
  1594 | D:3      | Reached skill level 7 in Maces & Flails
  1757 | D:4      | Found a burning altar of Makhleb.
  1768 | D:4      | Found a glowing silver altar of Zin.
  1769 | D:4      | Noticed an angel
  1770 | D:4      | Noticed a green death
  1877 | D:4      | Found Amilyq's Book Boutique.
  1942 | D:4      | Found Diomus Dai's Jewellery Shoppe.
  1953 | D:4      | Reached skill level 8 in Maces & Flails
  2078 | D:4      | Found a glowing drain.
  2082 | Sewer    | Entered a sewer
  2093 | Sewer    | Reached XP level 6. HP: 52/52 MP: 5/5
  2752 | D:3      | Found a hazy altar of Hepliaklqana.
  2752 | D:3      | Found a shimmering altar of Xom.
  2760 | D:3      | Found an ornate altar of the Wu Jian Council.
  2762 | D:3      | Found a sparkling altar of Nemelex Xobeh.
  2764 | D:3      | Found a snail-covered altar of Cheibriados.
  2865 | D:5      | Entered Level 5 of the Dungeon
  3053 | D:5      | Reached skill level 9 in Maces & Flails
  3060 | D:5      | Reached XP level 7. HP: 51/58 MP: 6/6
  3067 | D:5      | Found Acsuder's Jewellery Shoppe.
  3131 | D:5      | Reached skill level 10 in Maces & Flails
  3442 | D:6      | Found Goygelih's One-of-a-Kind Rings.
  3455 | D:6      | Found Covucobi's Distillery.
  3621 | D:6      | Reached skill level 11 in Maces & Flails
  3690 | D:6      | Reached XP level 8. HP: 55/66 MP: 7/7
  4070 | D:6      | Reached skill level 12 in Maces & Flails
  4447 | D:7      | Identified the "Sacvev"
  4472 | D:7      | Reached skill level 13 in Maces & Flails
  4602 | D:7      | Found a runed translucent door.
  4603 | D:7      | Noticed Crazy Yiuf
  4695 | D:7      | Found a staircase to the Ecumenical Temple.
  4889 | D:7      | Found a shimmering blue altar of Sif Muna.
  4902 | D:7      | Found an ancient bone altar of Kikubaaqudgha.
  4912 | D:7      | Reached skill level 14 in Maces & Flails
  4923 | D:7      | Found a radiant altar of Vehumet.
  5042 | D:7      | Noticed a troll
  5051 | D:7      | Reached skill level 1 in Throwing
  5051 | D:7      | Reached XP level 9. HP: 61/71 MP: 8/8
  5062 | D:7      | Killed a troll
  5063 | D:7      | Reached skill level 5 in Fighting
  5661 | D:7      | Found a stormy altar of Qazlal.
  5809 | D:8      | Identified the "Dyufulie"
  6048 | D:8      | Found a hide-covered altar of Uskayaw.
  6060 | D:8      | Found a bloodstained altar of Trog.
  6188 | D:8      | Found a basalt altar of Yredelemnul.
  6207 | D:8      | Reached skill level 5 in Throwing
  6541 | D:8      | Noticed a two-headed ogre
  6619 | D:8      | Killed a two-headed ogre
  6620 | D:8      | Reached XP level 10. HP: 40/90 MP: 9/9
  6848 | Temple   | Entered the Ecumenical Temple
  6860 | Temple   | Became a worshipper of Gozag Ym Sagoz the Greedy
  7482 | D:9      | Found a staircase to the Lair.
  7507 | D:9      | Noticed Jeremiah
  7562 | D:9      | Killed Jeremiah
  7786 | D:9      | Paralysed by a hornet for 3 turns
  7794 | D:9      | Reached skill level 10 in Fighting
  8372 | D:10     | Entered Level 10 of the Dungeon
  8391 | D:10     | Reached skill level 1 in Armour
  8857 | D:10     | Noticed a two-headed ogre
  8864 | D:10     | Killed a two-headed ogre
  8865 | D:10     | Reached XP level 11. HP: 79/101 MP: 10/10
  9247 | D:11     | Found Ypicwoes's Distillery.
  9330 | D:11     | Reached skill level 5 in Dodging
  9576 | D:11     | Noticed Urug
  9590 | D:11     | Killed Urug
 10003 | D:12     | Identified the +9 bardiche "Gade Osi" {flame, Stlth+}
 10013 | D:12     | Reached skill level 5 in Armour
 10048 | D:12     | Noticed Josephine
 10061 | D:12     | Killed Josephine
 10062 | D:12     | Noticed Nessos
 10066 | D:12     | Noticed a boulder beetle
 10076 | D:12     | Killed a boulder beetle
 10104 | D:12     | Shot with an arrow by Nessos

Illustrated notes

Levels and vault maps discovered:
D:1:      erik_arrival_triangle_medium, layout_basic, chequers_garden
D:2:      layout_loops_cross, minmay_pentomino_v4, uniq_terence
D:3:      layout_rooms, chequers_temple_overflow_minitemple, uniq_ijyb
D:4:      layout_cave_pools, grunt_temple_overflow_order_and_chaos_2,
          gup_sewer_entry_spiral, serial_shops, nicolae_shop_tiny_statue_garden,
          solitary_fountain, minivault_5, serial_bayou_pond_d,
          minmay_shop_enchanted_jewellery
D:5:      layout_rooms, serial_shops, shop, grunt_decor_cap,
          minmay_fractal_squares_5
D:6:      layout_basic, serial_shops, nicolae_stop_n_shop_2, minivault_5,
          nicolae_shop_unique_rings
D:7:      layout_gridville, palyth_temple_overflow_mages, lemuel_doored_altar,
          minmay_temple_entry_from_below_a, uniq_crazy_yiuf_cottage
D:8:      layout_gridville, mainiacjoe_overflow_surrounded_room,
          mainiacjoe_overflow_chevrons, mainiacjoe_overflow_paths,
          minmay_checkerbox
D:9:      layout_basic, dpeg_oklobed_lair, kennysheep_generic_room_12,
          uniq_jeremiah
D:10:     layout_rooms, special_room [special_room_orc]
D:11:     layout_cave_pools, serial_shops, nicolae_shop_tiny_glass, uniq_urug
D:12:     minmay_bloctagon, layout_rooms, david_orc_3, serial_undead,
          serial_undead_a, serial_undead_b, serial_undead_d, serial_undead_b,
          serial_undead_c, serial_undead_e, serial_undead_b, serial_undead_f,
          uniq_josephine, uniq_azrael, uniq_nessos, uniq_lodul
Temple:   hellmonk_temple_rainy

Skill      XL: |  1  2  3  4  5  6  7  8  9 10 11 |
---------------+----------------------------------+-----
Maces & Flails | 4 5 6 8 9 11 14 | 14.0
Fighting       | 4 8 10 12 | 12.0
Throwing       | 1 6 8 9 |  9.5
Armour         | 3 6 |  6.0
Dodging        | 4 6 |  6.6

Action                     |  1- 3 |  4- 6 |  7- 9 | 10-12 || total
---------------------------+-------+-------+-------+-------++-------
  Melee: Mace              |    52 |    98 |   129 |       ||   279
         Headbutt          |    11 |    17 |    52 |    49 ||   129
         Flail             |       |       |    66 |       ||    66
         Dire flail        |       |       |       |   234 ||   234
  Throw: Dart              |       |     7 |    89 |    48 ||   144
         Javelin           |       |       |       |    25 ||    25
    Use: Scroll            |       |    11 |     4 |     1 ||    16
         Potion            |       |       |       |     4 ||     4
 Armour: Robe              |     4 |       |       |       ||     4
         Chain mail        |    12 |       |       |       ||    12
         Plate armour      |    20 |    78 |   155 |   158 ||   411
  Dodge: Dodged            |    14 |    43 |   105 |    75 ||   237

Table legend: (Time is in decaauts)
 A = Elapsed time spent in this place.
 B = Non-inter-level travel time spent in this place.
 C = Inter-level travel time spent in this place.
 D = Time resting spent in this place.
 E = Time spent auto-exploring this place.
 F = Levels seen in this place.
 G = Mean time per level.
                   A        B        C        D        E       F      G
               +--------+--------+--------+--------+--------+-----+--------+
         Total |   9998 |   9403 |    595 |      0 |   7815 |  14 |  714.1 |
       Dungeon |   9774 |   9201 |    573 |      0 |   7663 |  12 |  814.5 |
        Temple |     24 |      2 |     22 |      0 |      0 |   1 |   24.0 |
         Sewer |    199 |    199 |      0 |      0 |    152 |   1 |  199.0 |
               +--------+--------+--------+--------+--------+-----+--------+

Top non-repeatable levels by time:
     D:7: 1504 daAuts
     D:8: 1375 daAuts
     D:6: 1049 daAuts
     D:9: 942 daAuts
     D:4: 853 daAuts
    D:11: 823 daAuts
     D:1: 738 daAuts
    D:10: 738 daAuts
     D:2: 661 daAuts
     D:3: 520 daAuts
     D:5: 476 daAuts
   Sewer: 199 daAuts
    D:12: 92 daAuts
  Temple: 24 daAuts
